 Dungeon Crawl Stone Soup version 0.19.1-1-g22dce08 (webtiles) character file.

82 markt42 the Covered (level 4, -3/29 HPs)
             Began as a Gargoyle Fighter on Jan 1, 2017.
             Killed by divine providence
             ... invoked by an orc priest
              (13 damage)
             ... on level 3 of the Dungeon.
             The game lasted 00:01:04 (1601 turns).

markt42 the Covered (Gargoyle Fighter)              Turns: 1601, Time: 00:01:05

Health: -3/29      AC: 10    Str: 21    XL:     4   Next: 43%
Magic:  4/4        EV:  7    Int:  8    God:
Gold:   163        SH:  9    Dex:  9    Spells: 0 memorised, 3 levels left

rFire  . . .     SeeInvis .     p - +0 morningstar
rCold  . . .     Gourm    .     b - +0 scale mail
rNeg   + . .     Faith    .     c - +0 shield
rPois  ∞         Spirit   .     (no helmet)
rElec  +         Reflect  .     (no cloak)
rCorr  .         Harm     .     (no gloves)
MR     .....                    (no boots)
Stlth  ..........               (no amulet)
                                (no ring)
                                (no ring)

@: no status effects
A: negative energy resistance 1, electricity resistance, unbreathing,
petrification resistance, rot immunity, AC +3
a: no special abilities


You were on level 3 of the Dungeon.
You were not hungry.

You visited 1 branch of the dungeon, and saw 3 of its levels.

You collected 163 gold pieces.

Inventory:

Hand Weapons
 p - a +0 morningstar (weapon)
Armour
 b - a +0 scale mail (worn)
 c - a +0 shield (worn)
Scrolls
 a - a scroll of fog {unknown}
 i - a scroll of remove curse {unknown}
 k - a scroll of noise {unknown}
 l - 5 scrolls of identify {unknown}
 n - a scroll of enchant armour {unknown}
 o - a scroll of blinking {unknown}
Potions
 d - a potion of might
 e - 2 potions of resistance {unknown}
 g - a potion of flight {unknown}
 h - 2 potions of curing {unknown}
 j - a potion of mutation {unknown}
 r - a potion of haste {unknown}
Comestibles
 f - 3 bread rations
 m - a meat ration
 q - a slice of pizza


   Skills:
 + Level 3.7 Fighting
 * Level 3.1 Maces & Flails
 + Level 4.0 Armour
 + Level 0.4 Dodging
 + Level 3.8 Shields


You had 3 spell levels left.
You didn't know any spells.

Dungeon Overview and Level Annotations

Branches:
Dungeon (3/15)

Altars:
Kikubaaqudgha
Makhleb
Yredelemnul


Innate Abilities, Weirdness & Mutations

You are resistant to torment.
Your stone body is resilient. (AC +3)
You are immune to poison.
You resist negative energy. (rN+)
You are resistant to electric shocks. (rElec)
You can survive without breathing.
You are immune to petrification.
You are immune to rotting.


Message History

You sock the rat!
You kill the rat!
Your Armour skill increases to level 4!
The orc hits you but does no damage.
You closely miss the orc. The orc hits you but does no damage.
You puncture the orc!
You kill the orc!
The orc priest invokes the aid of Beogh against you.
Pain shoots through your body!
You miss something. Something hits you but does no damage.
You miss something.
You hear some strange, mumbled words.
A magic dart appears from out of thin air!
The magic dart hits you!
You miss something.
The orc priest calls down the wrath of Beogh upon you.
Beogh smites you!
Something hits you but does no damage. x2
The orc priest invokes the aid of Beogh against you.
Beogh smites you!
You die...

.†..######## .##.#
###.# ....#
#######
......########
......##.....#####
......)..........#
......##)#.#.###@#
......##...#.# #)#
......####.#.#


#oo ####### ....# ##.. ..# ....# ... ..# ..<..+ .... ..# .....# #.... ..# ....#
.#... ### You could see an orc priest and an orc.

Vanquished Creatures
  A hound (D:2)
  2 adders (D:2)
  2 dart slugs
  3 orcs (D:3)
  4 goblins
  5 hobgoblins
  A quokka (D:3)
  3 bats
  A frilled lizard (D:2)
  A kobold (D:2)
  4 rats
27 creatures vanquished.

Notes
Turn   | Place    | Note
-------+----------+-------------------------------------------
     0 | D:1      | markt42 the Gargoyle Fighter began the quest for the Orb.
     0 | D:1      | Reached XP level 1. HP: 14/14 MP: 1/1
   299 | D:1      | Reached XP level 2. HP: 16/19 MP: 2/2
   816 | D:2      | Found a basalt altar of Yredelemnul.
  1008 | D:2      | Reached XP level 3. HP: 18/23 MP: 3/3
  1014 | D:2      | Reached XP level 4. HP: 22/28 MP: 4/4
  1054 | D:2      | Found a burning altar of Makhleb.
  1140 | D:2      | Found an ancient bone altar of Kikubaaqudgha.
  1596 | D:3      | Reached skill level 4 in Armour
  1601 | D:3      | Killed from afar by an orc priest

Skill      XL: |  1  2  3  4 |
---------------+-------------+-----
Maces & Flails | 3 |  3.1
Armour         | 4 |  4.0
Fighting       | |  3.7
Dodging        | |  0.4
Shields        | |  3.8

Action                   |  1- 3 |  4- 6 || total
-------------------------+-------+-------++-------
Melee: Flail             |    59 |    31 ||    90
       Morningstar       |       |    10 ||    10
  Eat: Chunk             |       |     2 ||     2
Armor: Scale mail        |    47 |    21 ||    68
Dodge: Dodged            |    32 |    11 ||    43
Block: Shield            |    38 |    17 ||    55
